Description

This is an allin with the goal of beating Factory Openers.

It works versus every kind of factory opener, whether it's into 3 cc, 2 factory, or starport.

The build uses early Queens for defense, gets a fast +1 carapace upgrade to strength Queens and then drops with 4-12 Banelings and 0-16 Lings into to Terran Main while flooding him at the front with lings.

The Key is to drop the Queens and Lings on top of the Terran production to shut it down while stopping his mining at the Natural with a ling flood.

VOD

https://www.youtube.com/watch?v=ESEvvEBF6Xg

Replay - 2017-04-17 - (Z)Railgan VS (T)DisK

Build Order

Get SALT Encoding   

  12  0:00  Drone  
  13  0:13  Overlord  
  13  0:18  Drone  
  14  0:31  Drone x3  
  17  0:45  Drone  
  18  0:50  Spawning Pool  
  18  0:56  Drone  
  18  1:12  Hatchery  
  18  1:15  Extractor  
  16  1:19  Drone x2  
  18  1:36  Queen  
  18  1:37  Zergling x2  
  18  1:39  Drone  
  22  1:49  Overlord  
  24  2:19  Queen  
  24  2:21  Metabolic Boost  Keep drones in Gas
  26  2:26  Queen  
  29  2:40  Overlord  
  37  3:05  Evolution Chamber  around 3 Minutes
  39  3:30  Zergling x4  Safety Lings vs Hellions
  39  3:31  Zerg Ground Armor Level 1  Start Queen Production once you have minerals
  42  3:36  Overlord x2  
  42  3:38  Extractor  Optional more banes
  43  3:55  Queen  
  45  3:58  Pneumatized Carapace  
  55  4:16  Extractor  Optional more Banes
  54  4:18  Zergling x6  
  54  4:19  Baneling Nest  as soon as possible for defense / offense
  56  4:25  Zergling x2  
  56  4:31  Queen  Get your Dropperlords ready around here
  59  4:39  Zergling x2  
  59  4:41  Queen  
  62  4:49  Zergling x4  
  67  4:55  Hatchery  To spam more lings
  67  4:57  Spore Crawler x2  In case of Banshee / Liberator threat
  75  5:35  Baneling x2  
  76  5:45  Baneling x8  
  76  5:58  Lair  
  74  6:57  Queen  
Spawning Tool Build Advisor. Get it on Overwolf

Analysis

+1 Carapace will reduce the damage of Marines by ~20% I believe.

The Banelings can be used very creatively to be dropped over the Terran army or the Terran Economy.

A Lair can be started at any time after the inital banelings as well as drones can be built as the 3rd should be completed. Additional Lings will keep you save while you flood across the map

Go to:

Details

  • Created by: railgan      
  • Published on: Apr 18, 2017
  • Patch: 3.8.0
Show
View Real Time Build Order
Export as new Build Order

Comments (0)

There are no comments. Be the first!

Create an account to comment!